 Dungeon Crawl Stone Soup version 0.26.1-11-gd32895ea62 (webtiles) character file.

Game seed: 17091218349131068672

254 Almogavar the Chopper (level 6, 0/52 HPs)
             Began as a Hill Orc Fighter on Apr 29, 2021.
             Slain by a black bear (8 damage)
             ... on level 4 of the Dungeon.
             The game lasted 00:07:29 (2765 turns).

Almogavar the Chopper (Hill Orc Fighter)            Turns: 2765, Time: 00:07:30

Health: 0/52       AC: 12    Str: 21    XL:     6   Next: 14%
Magic:  6/6        EV:  5    Int:  8    God:
Gold:   193        SH:  9    Dex: 10    Spells: 5/5 levels left

rFire    + . .     SeeInvis .   a - +1 war axe
rCold    . . .     Faith    .   c - +0 kite shield
rNeg     . . .     Spirit   .   i - +0 chain mail
rPois    .         Reflect  .   q - +0 helmet
rElec    .         Harm     .   (no cloak)
rCorr    .         Rampage  .   (no gloves)
Will     .....                  k - +0 pair of boots
Stlth    ..........             (no amulet)
HPRegen  0.17/turn              r - ring of protection from fire
MPRegen  0.10/turn              (no ring)

@: no status effects
A: no striking features
a: no special abilities


You were on level 4 of the Dungeon.
You visited 1 branch of the dungeon, and saw 4 of its levels.

You collected 193 gold pieces.

Inventory:

Hand Weapons
 a - a +1 war axe (weapon)
Missiles
 s - 20 poisoned darts (quivered)
 w - 5 curare-tipped darts
Armour
 c - a +0 kite shield (worn)
 i - a +0 chain mail (worn)
 k - a +0 pair of boots (worn)
 q - a +0 helmet (worn)
Jewellery
 r - a ring of protection from fire (left hand)
Wands
 v - a wand of random effects (22)
Scrolls
 e - a scroll of enchant armour
 l - a scroll of blinking {unknown}
 n - a scroll of enchant weapon
 o - a scroll of fear {unknown}
 t - 2 scrolls of remove curse {unknown}
 u - 4 scrolls of magic mapping {unknown}
Potions
 b - 2 potions of curing
 d - 2 potions of might
 f - 2 potions of invisibility {unknown}
 h - 2 potions of cancellation {unknown}
 j - 2 potions of haste {unknown}
 m - 3 potions of heal wounds {unknown}
 p - a potion of flight {unknown}


   Skills:
 + Level 4.3 Fighting
 + Level 5.5 Axes
 + Level 4.4 Armour
 + Level 0.5 Dodging
 + Level 4.5 Shields


You had 5 spell levels left.
You didn't know any spells.
Your spell library was empty.

Dungeon Overview and Level Annotations

Branches:
Dungeon (4/15)
 Temple: D:4-7

Altars:
Cheibriados
Hepliaklqana


Message History

The black bear is poisoned.
The black bear is severely wounded.
You block the black bear's attack.
The black bear claws you but does no damage. x2
The orc completely misses you.
The black bear bites you but does no damage.
The black bear claws you but does no damage.
The black bear completely misses you. The black bear bites you.
* * * LOW HITPOINT WARNING * * *
The black bear claws you but does no damage.
The black bear claws you.
* * * LOW HITPOINT WARNING * * *
Throw: 21 darts (poison)
Press: ? - help, Q - select action, (/) - cycle Shift-Dir - straight line, f/p - black bear
Aim: a black bear (almost dead, berserk, poisoned, 65% to hit)
You throw a poisoned dart. The poisoned dart hits the black bear.
The black bear is almost dead.
The black bear bites you!
You die...

#..####.##.####..###### ...
###..#...#...............# ..
#......###.####.....####.# .
#......###.#..##...##.?#.# #
##....|.....#...##.##...#.# ###
#<......###.##...#.#.†.##.# #..
#.......###..##.†#.#'.##..###..
#.............###...###........
#.####..##....@ho.8........##..
#......####...###...###...###..
..###### #..##.(#.#'.##.......
#### #.##..o#.#...##..####
#.#...##.##...#..#
#.#/.##...##.(#..#
#.####.....####..#
#...............(#
########.........#


You could see a black bear (berserk, poisoned) and an orc.

Vanquished Creatures
  Jessica (D:2)
  Ijyb (D:3)
  A worker ant (D:4)
  4 adders
  3 gnolls (D:2)
  2 oozes
  2 worms
  4 dart slugs
  3 leopard geckos
  10 orcs (D:3)
  4 giant cockroaches
  11 goblins
  3 hobgoblins
  8 jackals
  7 kobolds
  A ball python (D:3)
  10 bats
  2 frilled lizards (D:2)
  4 rats
81 creatures vanquished.

Notes
Turn   | Place    | Note
-------+----------+-------------------------------------------
     0 | D:1      | Almogavar the Hill Orc Fighter began the quest for the Orb.
     0 | D:1      | Reached XP level 1. HP: 19/19 MP: 1/1
   143 | D:1      | Reached XP level 2. HP: 27/27 MP: 2/2
   288 | D:1      | Reached skill level 3 in Axes
   299 | D:1      | Reached XP level 3. HP: 25/33 MP: 3/3
   917 | D:2      | Found a hazy altar of Hepliaklqana.
   949 | D:2      | Found a snail-covered altar of Cheibriados.
   962 | D:2      | Reached XP level 4. HP: 36/40 MP: 4/4
  1097 | D:2      | Noticed Jessica
  1116 | D:2      | Killed Jessica
  1117 | D:2      | Reached skill level 4 in Axes
  1414 | D:2      | Reached XP level 5. HP: 46/46 MP: 5/5
  2001 | D:3      | Reached skill level 5 in Axes
  2104 | D:3      | Noticed Ijyb
  2123 | D:3      | Killed Ijyb
  2569 | D:4      | Reached XP level 6. HP: 49/52 MP: 6/6
  2750 | D:4      | Noticed a black bear
  2765 | D:4      | Slain by a black bear

Illustrated notes

Levels and vault maps discovered:
D:1:      evilmike_arrival_home_sweet_home, layout_basic
D:2:      layout_loops_ring, nzn_hepliaklqana_mist_gate, old_standard_altar,
          minmay_domino_2, uniq_jessica
D:3:      layout_loops_ring, uniq_ijyb
D:4:      cheibrodos_barr_body, layout_rooms, minitemple, uniq_duvessa

Skill      XL: |  1  2  3  4  5 |
---------------+----------------+-----
Axes           | 3 4 5 |  5.5
Fighting       | 4 |  4.3
Armour         | 4 |  4.4
Shields        | 4 |  4.5
Dodging        | |  0.5

Action                   |  1- 3 |  4- 6 || total
-------------------------+-------+-------++-------
Melee: War axe           |    87 |   174 ||   261
Throw: Dart              |       |     2 ||     2
  Use: Scroll            |       |     4 ||     4
Armor: Scale mail        |    20 |       ||    20
       Chain mail        |    47 |    95 ||   142
Dodge: Dodged            |    34 |    52 ||    86
Block: Kite shield       |    76 |   115 ||   191
